Canucks vs Avalanche

Created - April 11, 2020 at 21:16

Goals
1 2 3 T
Canucks 0 1 3 4
Avalanche 1 1 0 2
Shots
1 2 3 T
Canucks 5 17 11 33
Avalanche 10 9 18 37

1st period

1. Avalanche , James Van Riemsdyk 12 (Patric Hornqvist 26, Paul Stastny 36) at 5:31

Penalties :
Paul Stastny (Col) for Boarding (Minor) at 11:26

2nd period

2. Canucks , Drew Fata 2 (Tyler Toffoli 26, Jacob Markstrom) at 2:39 (PP)
3. Avalanche , Evgeny Dadonov 32 (Mattias Ekholm 12, Mikkel Boedker 49) at 13:00

Penalties :
Mattias Ekholm (Col) for Checking from behind (Minor) at 1:03, Matt Moulson (Col) for Tripping (Minor) at 10:15, Paul Stastny (Col) for Hooking (Minor) at 18:22

3rd period

4. Canucks , Marc Savard 15 (Theo Peckham 12) at 13:57
5. Canucks , Drew Fata 3 (Jamie McBain 57, Marc Savard 26) at 15:54 (PP)
6. Canucks , Loui Eriksson 21 (Brandon Sutter 23) at 19:46 (SH) (Empty Net)

Penalties :
Kurtis Foster (Van) for Holding (Minor) at 2:03, Darren Reid (Col) for Hooking (Minor) at 15:04, Pierre-Luc Létourneau (Van) for Boarding (Minor) at 18:11

Goalie Stats

Jacob Markstrom (Van), 35 saves from 37 shots - (0.946), W, 28-32-5, 60:00 minutes
Semyon Varlamov (Col), 29 saves from 32 shots - (0.906), L, 31-24-3, 58:59 minutes

Players Stats for Canucks

Player Name              G  A  P  +/- PIM S  H  SB GA TA FO     MP     PP MP  PK MP  
------------------------------------------------------------------------------------
Brandon Saad             0  0  0  -1  0   0  1  0  0  0  0/0     9:06   0:00   0:42 
Brandon Sutter           0  1  1   1  0   2  0  0  0  0  3/6    12:18   0:00   0:46 
Colton Gillies           0  0  0  -1  0   0  1  2  2  0  2/3     8:24   0:00   0:00 
Drew Fata                2  0  2   0  0   5  2  2  1  2  0/0    27:58   4:36   2:32 
Jack Skille              0  0  0  -1  0   0  1  0  0  0  1/2     9:21   0:03   0:42 
Jamie McBain             0  1  1   0  0   1  2  1  3  0  0/0    27:58   4:36   2:32 
Jason Zucker             0  0  0   1  0   2  0  0  0  0  0/0    15:10   3:40   0:00 
Jeremy Morin             0  0  0   1  0   2  2  0  0  1  0/0    15:10   3:40   0:00 
Jonathan Blum            0  0  0   1  0   0  0  2  0  0  0/0    21:08   3:47   1:15 
Jordie Benn              0  0  0  -1  0   0  0  0  0  0  0/0    10:46   0:00   0:38 
Kurtis Foster            0  0  0   1  2   4  0  2  2  0  0/0    21:29   3:47   0:37 
Loui Eriksson            1  0  1   0  0   2  4  0  0  0  1/1    21:24   4:40   0:46 
Marc Savard              1  1  2   1  0   3  4  0  0  0  9/13   17:43   3:40   2:19 
Patrick Eaves            0  0  0   0  0   6  1  2  0  0  0/0    11:47   0:03   0:00 
Pierre-Luc Létourneau    0  0  0   0  2   0  0  0  0  0  0/1    11:46   0:03   0:00 
Robert Nilsson           0  0  0  -1  0   2  0  0  0  0  21/37  23:11   4:40   2:19 
Theo Peckham             0  1  1  -1  0   0  0  1  0  1  0/0    10:54   0:00   0:00 
Tyler Toffoli            0  1  1  -1  0   4  2  0  1  1  2/2    20:38   4:40   0:00 

Players Stats for Avalanche

Player Name              G  A  P  +/- PIM S  H  SB GA TA FO     MP     PP MP  PK MP  
------------------------------------------------------------------------------------
Andrew Ladd              0  0  0   0  0   4  1  1  1  1  0/1    16:48   0:00   5:26 
Brad Richardson          0  0  0   0  0   0  0  0  0  1  0/0    10:58   0:00   0:00 
Bryan Little             0  0  0  -1  0   2  1  2  2  0  11/26  16:44   2:21   0:00 
Charlie Coyle            0  0  0   0  0   3  0  2  0  0  5/16   16:40   0:00   5:16 
Danny Richmond           0  0  0   0  0   0  0  2  0  0  0/0    18:30   1:20   3:14 
Darren Reid              0  0  0   0  2   0  1  0  0  0  0/0    10:31   0:00   2:22 
Dmitry Kulikov           0  0  0   0  0   1  2  0  1  0  0/0    19:56   0:00   3:14 
Erik Karlsson            0  0  0   0  0   0  4  2  0  4  0/0    18:18   2:27   0:00 
Evgeny Dadonov           1  0  1   0  0   3  1  1  0  0  0/0    16:02   1:26   0:00 
Jack Johnson             0  0  0   0  0   0  1  0  0  0  0/0    24:32   2:27   5:09 
James Van Riemsdyk       1  0  1   1  0   5  3  0  0  1  0/0    16:11   1:26   0:50 
Kyle Turris              0  0  0   0  0   2  1  0  0  0  2/3    11:00   0:00   2:52 
Marc Staal               0  0  0   0  0   2  0  1  0  0  0/0    24:32   1:20   5:09 
Matt Moulson             0  0  0   0  2   0  0  0  0  0  0/1     8:04   0:00   0:00 
Mattias Ekholm           0  1  1   0  2   2  1  0  0  0  0/0    14:11   0:00   0:00 
Mikkel Boedker           0  1  1  -1  0   4  3  1  0  0  1/2    16:44   2:21   0:00 
Patric Hornqvist         0  1  1   0  0   6  0  0  0  1  0/0    16:03   2:21   0:00 
Paul Stastny             0  1  1   1  4   3  2  1  1  1  7/16   15:48   1:26   0:00 

3 Stars

1 - Drew Fata (Van)
2 - Marc Savard (Van)
3 - Jacob Markstrom (Van)

Power Play

Canucks - 2 on 5 Attempt(s) - 40.00%
Avalanche - 0 on 2 Attempt(s) - 0.00%

Penalty Kill

Canucks - 2 on 2 Attempt(s) - 100.00% - Score 1 goal in Penalty Kill
Avalanche - 3 on 5 Attempt(s) - 60.00% - Score 0 goal in Penalty Kill

Team Stat

Canucks - Hits : 20 - Faceoff Wins : 39 - Blocked Shots : 12 - Penalty Minutes : 4
Avalanche - Hits : 21 - Faceoff Wins : 26 - Blocked Shots : 13 - Penalty Minutes : 10

Official

Referees : Unknown
Linesman : Unknown

Game Notes

6:31 of 3rd period - Avalanche goal is going for a video replay. After video review, No Goal. The puck has entered the net after making contact with an attacking player’s stick that is above the height of the crossbar.
Loui Eriksson has scored in a empty net!

Finance

Level 1 -- Attendance: 5627 (93.78%) -- Ticket Income $500,803
Level 2 -- Attendance: 4540 (90.80%) -- Ticket Income $249,700
Level 3 -- Attendance: 2000 (100.00%) -- Ticket Income $66,000
Level 4 -- Attendance: 4000 (100.00%) -- Ticket Income $92,000
Luxury Box -- Attendance: 1000 (100.00%) -- Ticket Income $172,000
Game was played at the Pepsi Center.
Total Attendance: 17167 (95.37%)
Total Ticket Income: $1,080,503
Other Income: $162,075
Total Income: $1,242,578

Canucks

5 vs 5 Forward 
   Center                   Left Wing                Right Wing               Time % Phy DF OF 
 1 Robert Nilsson           Loui Eriksson            Tyler Toffoli            40     1   2  2  
 2 Marc Savard              Jason Zucker             Jeremy Morin             30     1   2  2  
 3 Brandon Sutter           Pierre-Luc Létourneau    Patrick Eaves            20     1   2  2  
 4 Colton Gillies           Brandon Saad             Jack Skille              10     1   2  2  

5 vs 5 Defense 
   Defense                  Defense                                           Time % Phy DF OF 
 1 Jamie McBain             Drew Fata                                         40     1   2  2  
 2 Kurtis Foster            Jonathan Blum                                     30     1   2  2  
 3 Theo Peckham             Jordie Benn                                       20     1   2  2  
 4 Jamie McBain             Drew Fata                                         10     1   2  2  

PowerPlay Forward 
   Center                   Left Wing                Right Wing               Time % Phy DF OF 
 1 Robert Nilsson           Loui Eriksson            Tyler Toffoli            60     1   2  2  
 2 Marc Savard              Jason Zucker             Jeremy Morin             40     1   2  2  

PowerPlay Defense
   Defense                  Defense                                           Time % Phy DF OF 
 1 Jamie McBain             Drew Fata                                         60     1   2  2  
 2 Kurtis Foster            Jonathan Blum                                     40     1   2  2  

Penalty Kill 4 Players Forward 
   Center                   Wing                     Time % Phy DF OF 
 1 Robert Nilsson           Marc Savard              60     1   2  2  
 2 Loui Eriksson            Brandon Sutter           40     1   2  2  

Penalty Kill 4 Players Defense
   Defense                  Defense                  Time % Phy DF OF 
 1 Jamie McBain             Drew Fata                60     1   2  2  
 2 Kurtis Foster            Jonathan Blum            40     1   2  2  

Penalty Kill - 3 Players Forward 
   Forward                                           Time % Phy DF OF 
 1 Robert Nilsson                                    60     1   2  2  
 2 Marc Savard                                       40     1   2  2  

Penalty Kill - 3 Players Defense
   Defense                  Defense                  Time % Phy DF OF 
 1 Jamie McBain             Drew Fata                60     1   2  2  
 2 Kurtis Foster            Jonathan Blum            40     1   2  2  

4 vs 4 Forward 
   Center                   Wing                     Time % Phy DF OF 
 1 Robert Nilsson           Marc Savard              60     1   2  2  
 2 Loui Eriksson            Brandon Sutter           40     1   2  2  

4 vs 4 Defense
   Defense                  Defense                  Time % Phy DF OF 
 1 Jamie McBain             Drew Fata                60     1   2  2  
 2 Kurtis Foster            Jonathan Blum            40     1   2  2  

Last Minutes Offensive
   Center                   Left Wing                Right Wing               Defense                  Defense                  
   Robert Nilsson           Loui Eriksson            Tyler Toffoli            Jamie McBain             Drew Fata                

Last Minutes Defensive
   Center                   Left Wing                Right Wing               Defense                  Defense                  
   Robert Nilsson           Loui Eriksson            Tyler Toffoli            Jamie McBain             Drew Fata                

Goaltenders
Starting : Jacob Markstrom          
Backup : Martin Jones             

Extra Forwards
Normal : Pierre-Luc Létourneau, Patrick Eaves, Jack Skille - PP : Pierre-Luc Létourneau, Patrick Eaves - PK : Jack Skille
Extra Defensemen
Normal : Theo Peckham, Jordie Benn, Kurtis Foster - PP : Theo Peckham - PK : Jordie Benn, Kurtis Foster
Penalty Shots
Robert Nilsson, Marc Savard, Loui Eriksson, Brandon Sutter, Tyler Toffoli

Scratches
Andy Rogers (Healthy)

Avalanche

5 vs 5 Forward 
   Center                   Left Wing                Right Wing               Time % Phy DF OF 
 1 Bryan Little             Mikkel Boedker           Evgeny Dadonov           35     1   2  2  
 2 Paul Stastny             James Van Riemsdyk       Patric Hornqvist         30     1   2  2  
 3 Charlie Coyle            Andrew Ladd              Brad Richardson          20     1   2  2  
 4 Kyle Turris              Matt Moulson             Darren Reid              15     1   2  2  

5 vs 5 Defense 
   Defense                  Defense                                           Time % Phy DF OF 
 1 Jack Johnson             Erik Karlsson                                     35     1   2  2  
 2 Dmitry Kulikov           Marc Staal                                        35     1   2  2  
 3 Danny Richmond           Mattias Ekholm                                    30     1   2  2  
 4 Jack Johnson             Marc Staal                                        0      1   2  2  

PowerPlay Forward 
   Center                   Left Wing                Right Wing               Time % Phy DF OF 
 1 Bryan Little             Mikkel Boedker           Patric Hornqvist         60     1   2  2  
 2 Paul Stastny             James Van Riemsdyk       Evgeny Dadonov           40     1   2  2  

PowerPlay Defense
   Defense                  Defense                                           Time % Phy DF OF 
 1 Jack Johnson             Erik Karlsson                                     60     1   2  2  
 2 Danny Richmond           Marc Staal                                        40     1   2  2  

Penalty Kill 4 Players Forward 
   Center                   Wing                     Time % Phy DF OF 
 1 Charlie Coyle            Andrew Ladd              60     1   2  2  
 2 Kyle Turris              Darren Reid              40     1   2  2  

Penalty Kill 4 Players Defense
   Defense                  Defense                  Time % Phy DF OF 
 1 Jack Johnson             Marc Staal               60     1   2  2  
 2 Dmitry Kulikov           Danny Richmond           40     1   2  2  

Penalty Kill - 3 Players Forward 
   Forward                                           Time % Phy DF OF 
 1 Mikkel Boedker                                    60     1   2  2  
 2 Patric Hornqvist                                  40     1   2  2  

Penalty Kill - 3 Players Defense
   Defense                  Defense                  Time % Phy DF OF 
 1 Jack Johnson             Marc Staal               60     1   2  2  
 2 Erik Karlsson            Danny Richmond           40     1   2  2  

4 vs 4 Forward 
   Center                   Wing                     Time % Phy DF OF 
 1 Mikkel Boedker           Patric Hornqvist         60     1   2  2  
 2 Bryan Little             Paul Stastny             40     1   2  2  

4 vs 4 Defense
   Defense                  Defense                  Time % Phy DF OF 
 1 Jack Johnson             Marc Staal               60     1   2  2  
 2 Erik Karlsson            Danny Richmond           40     1   2  2  

Last Minutes Offensive
   Center                   Left Wing                Right Wing               Defense                  Defense                  
   Bryan Little             Mikkel Boedker           Patric Hornqvist         Jack Johnson             Marc Staal               

Last Minutes Defensive
   Center                   Left Wing                Right Wing               Defense                  Defense                  
   Bryan Little             Mikkel Boedker           Patric Hornqvist         Jack Johnson             Marc Staal               

Goaltenders
Starting : Semyon Varlamov          
Backup : Mike Brodeur             

Extra Forwards
Normal : Matt Moulson, James Van Riemsdyk, Darren Reid - PP : Matt Moulson, James Van Riemsdyk - PK : Darren Reid
Extra Defensemen
Normal : Dmitry Kulikov, Mattias Ekholm, Erik Karlsson - PP : Dmitry Kulikov - PK : Mattias Ekholm, Erik Karlsson
Penalty Shots
Mikkel Boedker, Patric Hornqvist, Bryan Little, Paul Stastny, Evgeny Dadonov

Scratches
None


% Time on Ice - Canucks

Lines # - Real PCT - Wanted PCT - Time Play
Normal Forward
1 - 34% - 40% - 16:24
2 - 24% - 30% - 11:30
3 - 24% - 20% - 11:32
4 - 18% - 10% - 8:24
Normal Defense
1 - 40% - 40% - 19:04
2 - 34% - 30% - 16:04
3 - 21% - 20% - 10:08
4 - 5% - 10% - 2:34
PP Forward
1 - 56% - 60% - 4:43
2 - 44% - 40% - 3:40
PP Defense
1 - 55% - 60% - 4:36
2 - 45% - 40% - 3:47
PK Forward
1 - 80% - 60% - 3:01
2 - 20% - 40% - 0:46
PK Defense
1 - 67% - 60% - 2:32
2 - 33% - 40% - 1:15
PK3 Forward
1 - 0% - 60%
2 - 0% - 40%
PK3 Defense
1 - 0% - 60%
2 - 0% - 40%
44 Forward
1 - 0% - 60%
2 - 0% - 40%
44 Defense
1 - 0% - 60%
2 - 0% - 40%
Last Minute Offensive  - 0:00
Last Minute Defensive  - 0:00
Total
Forward - 60:00
Defense - 60:00

% Time on Ice - Avalanche

Lines # - Real PCT - Wanted PCT - Time Play
Normal Forward
1 - 31% - 35% - 14:49
2 - 29% - 30% - 14:00
3 - 23% - 20% - 10:58
4 - 17% - 15% - 8:03
Normal Defense
1 - 35% - 35% - 16:58
2 - 35% - 35% - 16:42
3 - 29% - 30% - 13:54
4 - 1% - 0% - 0:16
PP Forward
1 - 62% - 60% - 2:21
2 - 38% - 40% - 1:26
PP Defense
1 - 65% - 60% - 2:27
2 - 35% - 40% - 1:20
PK Forward
1 - 76% - 60% - 6:20
2 - 24% - 40% - 2:03
PK Defense
1 - 61% - 60% - 5:09
2 - 39% - 40% - 3:14
PK3 Forward
1 - 0% - 60%
2 - 0% - 40%
PK3 Defense
1 - 0% - 60%
2 - 0% - 40%
44 Forward
1 - 0% - 60%
2 - 0% - 40%
44 Defense
1 - 0% - 60%
2 - 0% - 40%
Last Minute Offensive  - 0:00
Last Minute Defensive  - 0:00
Total
Forward - 60:00
Defense - 60:00

Play-by-Play

1st period


0:01 of 1st period - Robert Nilsson wins face-off versus Bryan Little in neutral zone.
0:26 of 1st period - Erik Karlsson is hit by Jeremy Morin and loses puck.
0:47 of 1st period - Snap shot by Brandon Sutter.
0:47 of 1st period - Stopped by Semyon Varlamov without a rebound.
0:48 of 1st period - Brandon Sutter wins face-off versus Charlie Coyle in Avalanche zone.
2:30 of 1st period - Wrist shot by Loui Eriksson.
2:30 of 1st period - Shot Blocked by Andrew Ladd.
2:32 of 1st period - Slapshot by Robert Nilsson.
2:32 of 1st period - Stopped by Semyon Varlamov without a rebound.
2:33 of 1st period - Kyle Turris wins face-off versus Robert Nilsson in Avalanche zone.
3:40 of 1st period - Slapshot by Jamie McBain.
3:40 of 1st period - Deflect By Marc Staal.
3:40 of 1st period - Stopped by Semyon Varlamov with a rebound.
4:28 of 1st period - Slapshot by Kyle Turris.
4:28 of 1st period - Shot Blocked by Jonathan Blum.
4:50 of 1st period - Snap shot by Kyle Turris.
4:50 of 1st period - Stopped by Jacob Markstrom with a rebound.
4:52 of 1st period - Snap shot by Marc Staal.
4:52 of 1st period - Stopped by Jacob Markstrom without a rebound.
4:53 of 1st period - Bryan Little wins face-off versus Marc Savard in Canucks zone.
5:29 of 1st period - Slapshot by Patric Hornqvist.
5:29 of 1st period - Stopped by Jacob Markstrom with a rebound.
5:31 of 1st period - Wrist shot by James Van Riemsdyk.
5:31 of 1st period - Goal by James Van Riemsdyk - Canucks : 0 - Avalanche : 1.
5:32 of 1st period - Robert Nilsson wins face-off versus Paul Stastny in neutral zone.
5:35 of 1st period - Patric Hornqvist is hit by Loui Eriksson and loses puck.
5:46 of 1st period - Snap shot by Loui Eriksson.
5:46 of 1st period - Shot Misses the Net.
6:00 of 1st period - Danny Richmond is hit by Marc Savard and loses puck.
6:13 of 1st period - Wrist shot by Jason Zucker.
6:13 of 1st period - Shot Blocked by Danny Richmond.
6:43 of 1st period - Wrist shot by Patric Hornqvist.
6:43 of 1st period - Shot Blocked by Kurtis Foster.
7:01 of 1st period - Jonathan Blum is hit by Darren Reid and loses puck.
8:20 of 1st period - Snap shot by Patric Hornqvist.
8:20 of 1st period - Stopped by Jacob Markstrom without a rebound.
8:21 of 1st period - Bryan Little wins face-off versus Robert Nilsson in Canucks zone.
9:55 of 1st period - Bryan Little is hit by Jack Skille and loses puck.
10:33 of 1st period - Dmitry Kulikov is hit by Loui Eriksson.
10:51 of 1st period - Jeremy Morin is hit by Bryan Little and loses puck.
10:56 of 1st period - Snap shot by Mikkel Boedker.
10:56 of 1st period - Stopped by Jacob Markstrom with a rebound.
11:04 of 1st period - Jeremy Morin is hit by Mattias Ekholm and loses puck.
11:26 of 1st period - Minor Penalty to Paul Stastny for Boarding.
11:27 of 1st period - Robert Nilsson wins face-off versus Andrew Ladd in Avalanche zone.
11:59 of 1st period - Jeremy Morin is hit by Dmitry Kulikov and loses puck.
12:08 of 1st period - Dmitry Kulikov is hit by Marc Savard and loses puck.
13:26 of 1st period - Penalty to Paul Stastny is over, Paul Stastny is back on ice.
13:30 of 1st period - Snap shot by Patrick Eaves.
13:30 of 1st period - Deflect By Marc Staal.
13:30 of 1st period - Stopped by Semyon Varlamov without a rebound.
13:31 of 1st period - Bryan Little wins face-off versus Jack Skille in Avalanche zone.
13:37 of 1st period - Off-side.
13:38 of 1st period - Bryan Little wins face-off versus Pierre-Luc Létourneau in neutral zone.
14:01 of 1st period - Snap shot by Mikkel Boedker.
14:01 of 1st period - Stopped by Jacob Markstrom without a rebound.
14:02 of 1st period - Robert Nilsson wins face-off versus Paul Stastny in Canucks zone.
14:38 of 1st period - Jamie McBain is hit by Andrew Ladd and loses puck.
14:55 of 1st period - Icing by Jamie McBain.
14:56 of 1st period - Brandon Sutter wins face-off versus Bryan Little in Canucks zone.
15:52 of 1st period - Dmitry Kulikov is hit by Brandon Saad.
16:00 of 1st period - Slapshot by Jack Johnson.
16:00 of 1st period - Deflect By Patric Hornqvist.
16:00 of 1st period - Stopped by Jacob Markstrom without a rebound.
16:01 of 1st period - Bryan Little wins face-off versus Marc Savard in Canucks zone.
16:12 of 1st period - Snap shot by Jason Zucker.
16:12 of 1st period - Shot Blocked by Erik Karlsson.
16:37 of 1st period - Icing by Loui Eriksson.
16:38 of 1st period - Robert Nilsson wins face-off versus Paul Stastny in Canucks zone.
16:43 of 1st period - Loui Eriksson is hit by James Van Riemsdyk and loses puck.
16:52 of 1st period - Robert Nilsson is hit by James Van Riemsdyk and loses puck.
17:53 of 1st period - Wrist shot by Matt Moulson.
17:53 of 1st period - Deflect By Kyle Turris.
17:53 of 1st period - Shot Blocked by Kurtis Foster.
17:53 of 1st period - Puck is out of play.
17:54 of 1st period - Jack Skille wins face-off versus Kyle Turris in Canucks zone.
18:14 of 1st period - Icing by Jonathan Blum.
18:15 of 1st period - Bryan Little wins face-off versus Robert Nilsson in Canucks zone.
18:30 of 1st period - Wrist shot by Robert Nilsson.
18:30 of 1st period - Shot Blocked by Danny Richmond.
18:46 of 1st period - Slapshot by James Van Riemsdyk.
18:46 of 1st period - Stopped by Jacob Markstrom with a rebound.
18:48 of 1st period - Slapshot by Paul Stastny.
18:48 of 1st period - Shot Blocked by Patrick Eaves.
18:50 of 1st period - Backhand shot by James Van Riemsdyk.
18:50 of 1st period - Stopped by Jacob Markstrom without a rebound.
18:51 of 1st period - Paul Stastny wins face-off versus Marc Savard in Canucks zone.
19:01 of 1st period - Jeremy Morin is hit by Erik Karlsson and loses puck.
19:07 of 1st period - Snap shot by Marc Savard.
19:07 of 1st period - Stopped by Semyon Varlamov with a rebound.
19:48 of 1st period - Slapshot by Jack Johnson.
19:48 of 1st period - Shot Blocked by Jonathan Blum.
Goals for this period are 0 for Canucks vs 1 for Avalanche.
Shots for this period are 5 for Canucks vs 10 for Avalanche.

2nd period


0:01 of 2nd period - Robert Nilsson wins face-off versus Bryan Little in neutral zone.
0:08 of 2nd period - Evgeny Dadonov is hit by Jamie McBain and loses puck.
0:50 of 2nd period - Snap shot by Brandon Sutter.
0:50 of 2nd period - Shot Misses the Net.
0:52 of 2nd period - Slapshot by Theo Peckham.
0:52 of 2nd period - Shot Blocked by Charlie Coyle.
0:54 of 2nd period - Backhand shot by Patrick Eaves.
0:54 of 2nd period - Stopped by Semyon Varlamov with a rebound.
0:56 of 2nd period - Snap shot by Pierre-Luc Létourneau.
0:56 of 2nd period - Shot Misses the Net.
0:58 of 2nd period - Slapshot by Patrick Eaves.
0:58 of 2nd period - Stopped by Semyon Varlamov without a rebound.
0:59 of 2nd period - Robert Nilsson wins face-off versus Bryan Little in Avalanche zone.
1:03 of 2nd period - Minor Penalty to Mattias Ekholm for Checking from behind.
1:04 of 2nd period - Robert Nilsson wins face-off versus Charlie Coyle in Avalanche zone.
2:09 of 2nd period - Slapshot by Marc Savard.
2:09 of 2nd period - Shot Blocked by Marc Staal.
2:11 of 2nd period - Wrist shot by Marc Savard.
2:11 of 2nd period - Shot Misses the Net.
2:25 of 2nd period - Slapshot by Jason Zucker.
2:25 of 2nd period - Stopped by Semyon Varlamov without a rebound.
2:26 of 2nd period - Kyle Turris wins face-off versus Robert Nilsson in Avalanche zone.
2:39 of 2nd period - Snap shot by Drew Fata.
2:39 of 2nd period - Goal by Drew Fata - Canucks : 1 - Avalanche : 1.
2:40 of 2nd period - Loui Eriksson wins face-off versus Bryan Little in neutral zone.
3:32 of 2nd period - Snap shot by Kurtis Foster.
3:32 of 2nd period - Stopped by Semyon Varlamov with a rebound.
3:38 of 2nd period - Backhand shot by Erik Karlsson.
3:38 of 2nd period - Deflect By Andrew Ladd.
3:38 of 2nd period - Stopped by Jacob Markstrom without a rebound.
3:39 of 2nd period - Bryan Little wins face-off versus Robert Nilsson in Canucks zone.
4:46 of 2nd period - Wrist shot by Brandon Sutter.
4:46 of 2nd period - Shot Misses the Net.
5:00 of 2nd period - Wrist shot by Matt Moulson.
5:00 of 2nd period - Shot Misses the Net.
5:18 of 2nd period - Slapshot by Evgeny Dadonov.
5:18 of 2nd period - Stopped by Jacob Markstrom without a rebound.
5:19 of 2nd period - Robert Nilsson wins face-off versus Bryan Little in Canucks zone.
5:32 of 2nd period - Robert Nilsson is hit by Mikkel Boedker and loses puck.
5:43 of 2nd period - Kurtis Foster is hit by Evgeny Dadonov and loses puck.
5:50 of 2nd period - Snap shot by Bryan Little.
5:50 of 2nd period - Deflect By Mikkel Boedker.
5:50 of 2nd period - Stopped by Jacob Markstrom with a rebound.
6:00 of 2nd period - Snap shot by Mikkel Boedker.
6:00 of 2nd period - Deflect By Bryan Little.
6:00 of 2nd period - Stopped by Jacob Markstrom without a rebound.
6:01 of 2nd period - Marc Savard wins face-off versus Paul Stastny in Canucks zone.
6:38 of 2nd period - Dmitry Kulikov is hit by Jamie McBain and loses puck.
7:33 of 2nd period - Paul Stastny is hit by Marc Savard and loses puck.
8:02 of 2nd period - Snap shot by Brandon Sutter.
8:02 of 2nd period - Shot Misses the Net.
8:36 of 2nd period - Snap shot by Evgeny Dadonov.
8:36 of 2nd period - Shot Misses the Net.
8:38 of 2nd period - Wrist shot by Mikkel Boedker.
8:38 of 2nd period - Deflect By Evgeny Dadonov.
8:38 of 2nd period - Stopped by Jacob Markstrom without a rebound.
8:39 of 2nd period - Bryan Little wins face-off versus Robert Nilsson in Canucks zone.
9:12 of 2nd period - Wrist shot by Bryan Little.
9:12 of 2nd period - Deflect By Evgeny Dadonov.
9:12 of 2nd period - Shot Misses the Net.
9:12 of 2nd period - Puck is out of play.
9:13 of 2nd period - Paul Stastny wins face-off versus Marc Savard in Canucks zone.
9:48 of 2nd period - Backhand shot by Brad Richardson.
9:48 of 2nd period - Shot Misses the Net.
9:50 of 2nd period - Slapshot by Mattias Ekholm.
9:50 of 2nd period - Stopped by Jacob Markstrom with a rebound.
10:02 of 2nd period - Slapshot by Kurtis Foster.
10:02 of 2nd period - Stopped by Semyon Varlamov without a rebound.
10:03 of 2nd period - Robert Nilsson wins face-off versus Matt Moulson in Avalanche zone.
10:15 of 2nd period - Minor Penalty to Matt Moulson for Tripping.
10:16 of 2nd period - Robert Nilsson wins face-off versus Charlie Coyle in Avalanche zone.
10:16 of 2nd period - Slapshot by Tyler Toffoli.
10:16 of 2nd period - Stopped by Semyon Varlamov with a rebound.
10:32 of 2nd period - Snap shot by Robert Nilsson.
10:32 of 2nd period - Deflect By Tyler Toffoli.
10:32 of 2nd period - Shot Blocked by Charlie Coyle.
10:32 of 2nd period - Puck is out of play.
10:33 of 2nd period - Tyler Toffoli wins face-off versus Charlie Coyle in Avalanche zone.
10:36 of 2nd period - Snap shot by Robert Nilsson.
10:36 of 2nd period - Shot Misses the Net.
10:38 of 2nd period - Slapshot by Drew Fata.
10:38 of 2nd period - Shot Misses the Net.
10:40 of 2nd period - Snap shot by Tyler Toffoli.
10:40 of 2nd period - Shot Misses the Net.
10:42 of 2nd period - Slapshot by Drew Fata.
10:42 of 2nd period - Shot Misses the Net.
10:44 of 2nd period - Snap shot by Loui Eriksson.
10:44 of 2nd period - Shot Misses the Net.
10:46 of 2nd period - Slapshot by Tyler Toffoli.
10:46 of 2nd period - Stopped by Semyon Varlamov with a rebound.
12:15 of 2nd period - Penalty to Matt Moulson is over, Matt Moulson is back on ice.
12:27 of 2nd period - Jonathan Blum is hit by Paul Stastny and loses puck.
12:34 of 2nd period - Snap shot by Paul Stastny.
12:34 of 2nd period - Shot Misses the Net.
12:54 of 2nd period - Snap shot by Mikkel Boedker.
12:54 of 2nd period - Stopped by Jacob Markstrom with a rebound.
12:56 of 2nd period - Snap shot by Mikkel Boedker.
12:56 of 2nd period - Shot Misses the Net.
12:58 of 2nd period - Slapshot by Mattias Ekholm.
12:58 of 2nd period - Shot Misses the Net.
13:00 of 2nd period - Slapshot by Evgeny Dadonov.
13:00 of 2nd period - Goal by Evgeny Dadonov - Canucks : 1 - Avalanche : 2.
13:01 of 2nd period - Robert Nilsson wins face-off versus Bryan Little in neutral zone.
13:05 of 2nd period - Backhand shot by Drew Fata.
13:05 of 2nd period - Stopped by Semyon Varlamov without a rebound.
13:06 of 2nd period - Robert Nilsson wins face-off versus Bryan Little in Avalanche zone.
13:33 of 2nd period - Slapshot by Jamie McBain.
13:33 of 2nd period - Shot Misses the Net.
13:35 of 2nd period - Slapshot by Drew Fata.
13:35 of 2nd period - Stopped by Semyon Varlamov without a rebound.
13:36 of 2nd period - Marc Savard wins face-off versus Paul Stastny in Avalanche zone.
13:43 of 2nd period - Snap shot by Marc Savard.
13:43 of 2nd period - Shot Blocked by Paul Stastny.
13:45 of 2nd period - Snap shot by Kurtis Foster.
13:45 of 2nd period - Stopped by Semyon Varlamov with a rebound.
13:47 of 2nd period - Slapshot by Jason Zucker.
13:47 of 2nd period - Stopped by Semyon Varlamov with a rebound.
13:49 of 2nd period - Wrist shot by Jeremy Morin.
13:49 of 2nd period - Stopped by Semyon Varlamov with a rebound.
13:51 of 2nd period - Wrist shot by Marc Savard.
13:51 of 2nd period - Stopped by Semyon Varlamov with a rebound.
13:53 of 2nd period - Snap shot by Jeremy Morin.
13:53 of 2nd period - Shot Misses the Net.
15:36 of 2nd period - Icing by Drew Fata.
15:37 of 2nd period - Colton Gillies wins face-off versus Charlie Coyle in Canucks zone.
15:50 of 2nd period - Slapshot by Jamie McBain.
15:50 of 2nd period - Shot Misses the Net.
16:26 of 2nd period - Dmitry Kulikov is hit by Colton Gillies and loses puck.
16:41 of 2nd period - Brad Richardson is hit by Drew Fata and loses puck.
16:48 of 2nd period - Drew Fata is hit by Dmitry Kulikov and loses puck.
16:55 of 2nd period - Snap shot by Andrew Ladd.
16:55 of 2nd period - Shot Misses the Net.
16:57 of 2nd period - Snap shot by Andrew Ladd.
16:57 of 2nd period - Stopped by Jacob Markstrom with a rebound.
16:59 of 2nd period - Snap shot by Brad Richardson.
16:59 of 2nd period - Shot Blocked by Drew Fata.
17:01 of 2nd period - Backhand shot by Andrew Ladd.
17:01 of 2nd period - Shot Misses the Net.
17:03 of 2nd period - Snap shot by Brad Richardson.
17:03 of 2nd period - Deflect By Andrew Ladd.
17:03 of 2nd period - Shot Misses the Net.
17:03 of 2nd period - Puck is out of play.
17:04 of 2nd period - Bryan Little wins face-off versus Robert Nilsson in Canucks zone.
17:21 of 2nd period - Snap shot by Tyler Toffoli.
17:21 of 2nd period - Stopped by Semyon Varlamov without a rebound.
17:22 of 2nd period - Marc Savard wins face-off versus Paul Stastny in Avalanche zone.
17:39 of 2nd period - Wrist shot by Marc Savard.
17:39 of 2nd period - Shot Misses the Net.
18:14 of 2nd period - Slapshot by Patrick Eaves.
18:14 of 2nd period - Stopped by Semyon Varlamov without a rebound.
18:15 of 2nd period - Robert Nilsson wins face-off versus Paul Stastny in Avalanche zone.
18:20 of 2nd period - Wrist shot by Loui Eriksson.
18:20 of 2nd period - Stopped by Semyon Varlamov with a rebound.
18:22 of 2nd period - Minor Penalty to Paul Stastny for Hooking.
18:23 of 2nd period - Robert Nilsson wins face-off versus Charlie Coyle in Avalanche zone.
18:50 of 2nd period - Jeremy Morin is hit by Kyle Turris.
19:22 of 2nd period - Danny Richmond is hit by Tyler Toffoli and loses puck.
Goals for this period are 1 for Canucks vs 1 for Avalanche.
Shots for this period are 17 for Canucks vs 9 for Avalanche.

3rd period


0:01 of 3rd period - Charlie Coyle wins face-off versus Robert Nilsson in neutral zone.
0:22 of 3rd period - Penalty to Paul Stastny is over, Paul Stastny is back on ice.
0:26 of 3rd period - Jack Johnson is hit by Drew Fata and loses puck.
0:37 of 3rd period - Wrist shot by Brandon Sutter.
0:37 of 3rd period - Stopped by Semyon Varlamov with a rebound.
0:39 of 3rd period - Wrist shot by Pierre-Luc Létourneau.
0:39 of 3rd period - Shot Misses the Net.
0:53 of 3rd period - Wrist shot by Mikkel Boedker.
0:53 of 3rd period - Shot Misses the Net.
1:09 of 3rd period - Wrist shot by Kyle Turris.
1:09 of 3rd period - Shot Misses the Net.
1:47 of 3rd period - James Van Riemsdyk is hit by Jeremy Morin and loses puck.
2:00 of 3rd period - Snap shot by Patric Hornqvist.
2:00 of 3rd period - Stopped by Jacob Markstrom without a rebound.
2:01 of 3rd period - Robert Nilsson wins face-off versus Bryan Little in Canucks zone.
2:03 of 3rd period - Minor Penalty to Kurtis Foster for Holding.
2:04 of 3rd period - Marc Savard wins face-off versus Bryan Little in Canucks zone.
2:11 of 3rd period - Off-side.
2:12 of 3rd period - Bryan Little wins face-off versus Robert Nilsson in neutral zone.
2:25 of 3rd period - Slapshot by Bryan Little.
2:25 of 3rd period - Stopped by Jacob Markstrom without a rebound.
2:26 of 3rd period - Marc Savard wins face-off versus Bryan Little in Canucks zone.
2:34 of 3rd period - Icing by Jack Johnson.
2:35 of 3rd period - Bryan Little wins face-off versus Robert Nilsson in Avalanche zone.
3:14 of 3rd period - Slapshot by Jack Johnson.
3:14 of 3rd period - Shot Misses the Net.
3:42 of 3rd period - Brandon Saad is hit by Paul Stastny and loses puck.
4:03 of 3rd period - Penalty to Kurtis Foster is over, Kurtis Foster is back on ice.
4:29 of 3rd period - Snap shot by Kyle Turris.
4:29 of 3rd period - Stopped by Jacob Markstrom with a rebound.
5:50 of 3rd period - Marc Staal is hit by Tyler Toffoli and loses puck.
6:27 of 3rd period - Slapshot by Dmitry Kulikov.
6:27 of 3rd period - Shot Misses the Net.
6:29 of 3rd period - Snap shot by Paul Stastny.
6:29 of 3rd period - Shot Blocked by Theo Peckham.
6:31 of 3rd period - Snap shot by James Van Riemsdyk.
6:31 of 3rd period - Avalanche goal is going for a video replay.
6:31 of 3rd period - The goal is refused. The puck has entered the net after making contact with an attacking player’s stick that is above the height of the crossbar..
6:32 of 3rd period - Paul Stastny wins face-off versus Colton Gillies in Canucks zone.
6:35 of 3rd period - Snap shot by Paul Stastny.
6:35 of 3rd period - Shot Blocked by Drew Fata.
6:37 of 3rd period - Snap shot by James Van Riemsdyk.
6:37 of 3rd period - Shot Blocked by Colton Gillies.
6:39 of 3rd period - Slapshot by Paul Stastny.
6:39 of 3rd period - Deflect By Jamie McBain.
6:39 of 3rd period - Stopped by Jacob Markstrom with a rebound.
6:41 of 3rd period - Slapshot by Danny Richmond.
6:41 of 3rd period - Shot Blocked by Colton Gillies.
6:43 of 3rd period - Slapshot by Danny Richmond.
6:43 of 3rd period - Shot Misses the Net.
6:55 of 3rd period - Slapshot by Patric Hornqvist.
6:55 of 3rd period - Stopped by Jacob Markstrom with a rebound.
6:57 of 3rd period - Wrist shot by James Van Riemsdyk.
6:57 of 3rd period - Stopped by Jacob Markstrom without a rebound.
6:58 of 3rd period - Mikkel Boedker wins face-off versus Robert Nilsson in Canucks zone.
7:11 of 3rd period - Loui Eriksson is hit by Erik Karlsson and loses puck.
7:43 of 3rd period - Paul Stastny is hit by Patrick Eaves and loses puck.
9:44 of 3rd period - Icing by Jamie McBain.
9:45 of 3rd period - Colton Gillies wins face-off versus Bryan Little in Canucks zone.
9:45 of 3rd period - Colton Gillies is hit by Mikkel Boedker.
9:53 of 3rd period - Wrist shot by Jamie McBain.
9:53 of 3rd period - Shot Misses the Net.
9:55 of 3rd period - Snap shot by Tyler Toffoli.
9:55 of 3rd period - Shot Misses the Net.
9:57 of 3rd period - Slapshot by Jamie McBain.
9:57 of 3rd period - Shot Blocked by Bryan Little.
9:59 of 3rd period - Snap shot by Robert Nilsson.
9:59 of 3rd period - Stopped by Semyon Varlamov with a rebound.
10:01 of 3rd period - Slapshot by Loui Eriksson.
10:01 of 3rd period - Shot Blocked by Mikkel Boedker.
10:03 of 3rd period - Slapshot by Jamie McBain.
10:03 of 3rd period - Shot Blocked by Bryan Little.
10:13 of 3rd period - Slapshot by Jack Johnson.
10:13 of 3rd period - Shot Misses the Net.
10:23 of 3rd period - Slapshot by Paul Stastny.
10:23 of 3rd period - Stopped by Jacob Markstrom without a rebound.
10:24 of 3rd period - Paul Stastny wins face-off versus Robert Nilsson in Canucks zone.
10:29 of 3rd period - Wrist shot by Patric Hornqvist.
10:29 of 3rd period - Stopped by Jacob Markstrom without a rebound.
10:30 of 3rd period - Robert Nilsson wins face-off versus Paul Stastny in Canucks zone.
10:30 of 3rd period - Robert Nilsson is hit by James Van Riemsdyk.
11:06 of 3rd period - Snap shot by Loui Eriksson.
11:06 of 3rd period - Deflect By Patric Hornqvist.
11:06 of 3rd period - Shot Misses the Net.
11:06 of 3rd period - Puck is out of play.
11:07 of 3rd period - Marc Savard wins face-off versus Bryan Little in Avalanche zone.
12:27 of 3rd period - Wrist shot by Patric Hornqvist.
12:27 of 3rd period - Shot Misses the Net.
12:39 of 3rd period - Evgeny Dadonov is hit by Marc Savard and loses puck.
12:46 of 3rd period - Snap shot by Jeremy Morin.
12:46 of 3rd period - Shot Blocked by Erik Karlsson.
12:48 of 3rd period - Slapshot by Kurtis Foster.
12:48 of 3rd period - Stopped by Semyon Varlamov with a rebound.
13:00 of 3rd period - Backhand shot by Patrick Eaves.
13:00 of 3rd period - Stopped by Semyon Varlamov with a rebound.
13:08 of 3rd period - Snap shot by Patrick Eaves.
13:08 of 3rd period - Stopped by Semyon Varlamov without a rebound.
13:09 of 3rd period - Robert Nilsson wins face-off versus Paul Stastny in Avalanche zone.
13:10 of 3rd period - Snap shot by Jamie McBain.
13:10 of 3rd period - Deflect By Tyler Toffoli.
13:10 of 3rd period - Shot Misses the Net.
13:10 of 3rd period - Puck is out of play.
13:11 of 3rd period - Paul Stastny wins face-off versus Robert Nilsson in Avalanche zone.
13:51 of 3rd period - Off-side.
13:52 of 3rd period - Marc Savard wins face-off versus Bryan Little in neutral zone.
13:55 of 3rd period - Slapshot by Theo Peckham.
13:55 of 3rd period - Shot Blocked by Evgeny Dadonov.
13:57 of 3rd period - Snap shot by Marc Savard.
13:57 of 3rd period - Goal by Marc Savard - Canucks : 2 - Avalanche : 2.
13:58 of 3rd period - Tyler Toffoli wins face-off versus Mikkel Boedker in neutral zone.
14:00 of 3rd period - Drew Fata is hit by Erik Karlsson and loses puck.
15:04 of 3rd period - Minor Penalty to Darren Reid for Hooking.
15:05 of 3rd period - Robert Nilsson wins face-off versus Charlie Coyle in Avalanche zone.
15:12 of 3rd period - Snap shot by Tyler Toffoli.
15:12 of 3rd period - Stopped by Semyon Varlamov without a rebound.
15:13 of 3rd period - Charlie Coyle wins face-off versus Robert Nilsson in Avalanche zone.
15:13 of 3rd period - Charlie Coyle is hit by Loui Eriksson.
15:29 of 3rd period - Marc Staal is hit by Loui Eriksson and loses puck.
15:42 of 3rd period - Wrist shot by Robert Nilsson.
15:42 of 3rd period - Deflect By Tyler Toffoli.
15:42 of 3rd period - Shot Misses the Net.
15:42 of 3rd period - Puck is out of play.
15:43 of 3rd period - Marc Savard wins face-off versus Charlie Coyle in Avalanche zone.
15:50 of 3rd period - Slapshot by Drew Fata.
15:50 of 3rd period - Stopped by Semyon Varlamov without a rebound.
15:51 of 3rd period - Marc Savard wins face-off versus Charlie Coyle in Avalanche zone.
15:54 of 3rd period - Slapshot by Drew Fata.
15:54 of 3rd period - Goal by Drew Fata - Canucks : 3 - Avalanche : 2.
15:55 of 3rd period - Robert Nilsson wins face-off versus Charlie Coyle in neutral zone.
16:29 of 3rd period - Snap shot by Dmitry Kulikov.
16:29 of 3rd period - Stopped by Jacob Markstrom with a rebound.
17:24 of 3rd period - Snap shot by Jeremy Morin.
17:24 of 3rd period - Stopped by Semyon Varlamov without a rebound.
17:25 of 3rd period - Paul Stastny wins face-off versus Robert Nilsson in Avalanche zone.
17:36 of 3rd period - Wrist shot by Paul Stastny.
17:36 of 3rd period - Shot Misses the Net.
17:38 of 3rd period - Snap shot by Patric Hornqvist.
17:38 of 3rd period - Deflect By Paul Stastny.
17:38 of 3rd period - Stopped by Jacob Markstrom without a rebound.
17:39 of 3rd period - Charlie Coyle wins face-off versus Brandon Sutter in Canucks zone.
17:42 of 3rd period - Wrist shot by Andrew Ladd.
17:42 of 3rd period - Shot Blocked by Jamie McBain.
17:44 of 3rd period - Slapshot by Mattias Ekholm.
17:44 of 3rd period - Stopped by Jacob Markstrom without a rebound.
17:45 of 3rd period - Brandon Sutter wins face-off versus Charlie Coyle in Canucks zone.
17:52 of 3rd period - Wrist shot by Charlie Coyle.
17:52 of 3rd period - Stopped by Jacob Markstrom without a rebound.
17:53 of 3rd period - Charlie Coyle wins face-off versus Brandon Sutter in Canucks zone.
17:54 of 3rd period - Wrist shot by Andrew Ladd.
17:54 of 3rd period - Stopped by Jacob Markstrom with a rebound.
17:56 of 3rd period - Snap shot by Charlie Coyle.
17:56 of 3rd period - Stopped by Jacob Markstrom with a rebound.
17:58 of 3rd period - Snap shot by Charlie Coyle.
17:58 of 3rd period - Shot Blocked by Patrick Eaves.
18:00 of 3rd period - Backhand shot by Marc Staal.
18:00 of 3rd period - Stopped by Jacob Markstrom with a rebound.
18:02 of 3rd period - Slapshot by Andrew Ladd.
18:02 of 3rd period - Stopped by Jacob Markstrom with a rebound.
18:04 of 3rd period - Snap shot by Charlie Coyle.
18:04 of 3rd period - Stopped by Jacob Markstrom without a rebound.
18:05 of 3rd period - Charlie Coyle wins face-off versus Brandon Sutter in Canucks zone.
18:11 of 3rd period - Minor Penalty to Pierre-Luc Létourneau for Boarding.
18:12 of 3rd period - Robert Nilsson wins face-off versus Bryan Little in Canucks zone.
18:20 of 3rd period - Robert Nilsson is hit by Jack Johnson and loses puck.
18:45 of 3rd period - Avalanche, Semyon Varlamov is pulled from the net.
18:49 of 3rd period - Wrist shot by James Van Riemsdyk.
18:49 of 3rd period - Shot Misses the Net.
19:01 of 3rd period - Drew Fata is hit by Mikkel Boedker and loses puck.
19:46 of 3rd period - Slapshot by Loui Eriksson.
19:46 of 3rd period - Goal by Loui Eriksson - Canucks : 4 - Avalanche : 2.
19:46 of 3rd period - Semyon Varlamov from Avalanche was sent back in the game.
19:47 of 3rd period - Paul Stastny wins face-off versus Robert Nilsson in neutral zone.
19:50 of 3rd period - Robert Nilsson is hit by Erik Karlsson and loses puck.
Goals for this period are 3 for Canucks vs 0 for Avalanche.
Shots for this period are 11 for Canucks vs 18 for Avalanche.